 Dungeon Crawl Stone Soup version 0.22-a0-479-gc6e99f3 (webtiles) character file.

157 Gildeon the Covered (level 5, -9/47 HPs)
             Began as a Minotaur Fighter on June 14, 2018.
             Was an Initiate of Okawaru.
             Killed by divine providence
             ... invoked by an orc priest
              (14 damage)
             ... on level 3 of the Dungeon.
             The game lasted 00:05:11 (1978 turns).

Gildeon the Covered (Minotaur Fighter)              Turns: 1978, Time: 00:05:12

Health: -9/47      AC:  7    Str: 21    XL:     5   Next: 15%
Magic:  4/4        EV:  8    Int:  5    God:    Okawaru [......]
Gold:   123        SH:  9    Dex: 10    Spells: 4/4 levels left

rFire    . . .     SeeInvis .   a - +0 war axe
rCold    . . .     Gourm    .   c - +0 shield
rNeg     . . .     Faith    .   b - +0 scale mail
rPois    .         Spirit   .   (helmet restricted)
rElec    .         Reflect  .   (no cloak)
rCorr    .         Harm     +   (no gloves)
MR       .....                  (no boots)
Stlth    ..........             l - amulet of harm
HPRegen  0.15/turn              (no ring)
MPRegen  0.09/turn              (no ring)

@: no status effects
A: retaliatory headbutt, horns 2
a: Renounce Religion


You were on level 3 of the Dungeon.
You worshipped Okawaru.
Okawaru was noncommittal.
You were not hungry.

You visited 1 branch of the dungeon, and saw 3 of its levels.

You collected 123 gold pieces.

Inventory:

Hand Weapons
 a - a +0 war axe (weapon)
 j - a +0 spear of piercing
Armour
 b - a +0 scale mail (worn)
 c - a +0 shield (worn)
Jewellery
 l - an amulet of harm (around neck)
Scrolls
 e - a scroll of remove curse
 k - a scroll of blinking {unknown}
 p - a scroll of amnesia {unknown}
Potions
 d - a potion of might
 g - 2 potions of heal wounds
 h - a potion of magic
 i - a potion of curing
 o - a potion of flight {unknown}
 q - 2 potions of resistance {unknown}
Comestibles
 f - 3 rations
 n - 2 chunks of flesh


   Skills:
 + Level 4.4 Fighting
 * Level 4.1 Axes
 + Level 4.4 Armour
 + Level 1.8 Dodging
 + Level 4.4 Shields


You had 4 spell levels left.
You didn't know any spells.
Your spell library was empty.

Dungeon Overview and Level Annotations

Branches:
Dungeon (3/15)

Altars:
Ashenzari
Okawaru


Innate Abilities, Weirdness & Mutations

You reflexively headbutt those who attack you in melee.
You have a pair of horns on your head.


Message History

Okawaru accepts your kill. The orc priest hits you with a dagger.
* * * LOW HITPOINT WARNING * * *
You hit the orc priest but do no damage.
You headbutt the orc priest.
The orc priest is heavily wounded.
The orc priest hits you but does no damage.
You closely miss the orc priest.
The orc priest is heavily wounded.
The orc priest hits you with a dagger.
* * * LOW HITPOINT WARNING * * *
The orc priest barely misses you.
You hit the orc priest but do no damage.
The orc priest is heavily wounded.
The orc priest looks satisfied for a moment.
You barely miss the orc priest.
The orc priest is heavily wounded.
The orc priest calls down the wrath of Beogh upon you.
Beogh smites you!
You die...

....#
#.....####..#....#
....# ##....#
##......# ....#
#...#######(.....#
...##
#..#....)..((#....#
..##
#.##.######..#....#
### #.#
###........# #.#
#...######..#
#.###)### ..# #
###.##o@# ..
#...).)##
...###.#.####
#.o....# ......)))#
#........#
###^.....# #.......
#...>....


You could see an orc priest.

Vanquished Creatures
  Robin (D:2)
  4 gnolls
  3 adders
  An ooze (D:2)
  A leopard gecko (D:1)
  11 orcs (D:3)
  A ball python (D:2)
  A giant cockroach (D:2)
  11 goblins
  11 hobgoblins
  7 kobolds
  2 quokkas
  3 bats
  2 frilled lizards (D:2)
  5 rats
64 creatures vanquished.

Notes
Turn   | Place    | Note
-------+----------+-------------------------------------------
     0 | D:1      | Gildeon the Minotaur Fighter began the quest for the Orb.
     0 | D:1      | Reached XP level 1. HP: 19/19 MP: 0/0
    45 | D:1      | Found a shattered altar of Ashenzari.
   705 | D:2      | Reached XP level 2. HP: 24/27 MP: 1/1
   947 | D:2      | Found an iron altar of Okawaru.
   955 | D:2      | Became a worshipper of Warmaster Okawaru
  1034 | D:2      | Noticed Robin
  1047 | D:2      | Reached XP level 3. HP: 22/33 MP: 2/2
  1055 | D:2      | Killed Robin
  1055 | D:2      | Reached skill level 1 in Dodging
  1269 | D:2      | Reached XP level 4. HP: 28/40 MP: 3/3
  1964 | D:3      | Reached XP level 5. HP: 21/47 MP: 4/4
  1978 | D:3      | Killed from afar by an orc priest

Vault maps used:
D:1:      dpeg_arrival_stonehenge_8_columns, evilmike_ruin_ashenzari
D:2:      kennysheep_okawaru_gauntlet, uniq_robin
D:3:      kennysheep_nondescript

Skill      XL: |  1  2  3  4 |
---------------+-------------+-----
Axes           | 3 4 |  4.1
Fighting       | 4 |  4.4
Armour         | 4 |  4.4
Dodging        | 1 |  1.8
Shields        | 4 |  4.4

Action                   |  1- 3 |  4- 6 || total
-------------------------+-------+-------++-------
Melee: War axe           |    56 |    65 ||   121
       Headbutt          |     9 |    10 ||    19
       Spear             |       |     4 ||     4
  Use: Scroll            |     3 |     1 ||     4
  Eat: Chunk             |     1 |     1 ||     2
       Ration            |       |     1 ||     1
Armor: Scale mail        |    33 |    20 ||    53
Dodge: Dodged            |    29 |    21 ||    50
Block: Shield            |    47 |    46 ||    93

Table legend:
 A = Spawn XP
 B = Non-spawn XP
 C = Spawn XP percentage of total XP
 D = Spawn monster count
 E = Non-spawn monster count
 F = Spawn count percentage of total count
 G = Total turns spent on level
                    A         B        C        D         E        F      G
               +---------+---------+-------+---------+---------+-------+---------
         Total |       0 |     225 |   0.0 |       0 |      64 |   0.0 |  1978
               +---------+---------+-------+---------+---------+-------+---------
           D:1 |       0 |       9 |   0.0 |       0 |       5 |   0.0 |   654
           D:2 |       0 |     142 |   0.0 |       0 |      39 |   0.0 |  1158
           D:3 |       0 |      74 |   0.0 |       0 |      20 |   0.0 |   166
               +---------+---------+-------+---------+---------+-------+---------
